TOP OF THE 1ST |
Calgary Cowboys batting - Pitching for District 9 Prawns : RHP Jorge Guillén
|
Pitching: RHP Jorge Guillén
|
|
Batting: RHB César Rodríguez
|
0-0: Called Strike 0-1: Foul Ball, location: 2F 0-2: Ball 1-2: Strikes out swinging
|
Batting: LHB Del Kennedy
|
0-0: Called Strike 0-1: Ground out 4-3 (Groundball, 4)
|
Batting: RHB Dan Wyatt
|
0-0: Called Strike 0-1: Ball 1-1: Called Strike 1-2: Fly out, F8 (Flyball, 8RM)
|
Top of the 1st over - 0 run(s), 0 hit(s), 0 error(s), 0 left on base; Calgary 0 - District 9 0 |
BOTTOM OF THE 1ST |
District 9 Prawns batting - Pitching for Calgary Cowboys : LHP Manuel Gil
|
Pitching: LHP Manuel Gil
|
|
Batting: SHB José Estreito
|
0-0: Ball 1-0: Ball 2-0: Ball 3-0: Base on Balls
|
Batting: RHB José Colón
|
0-0: Called Strike 0-1: Ball 1-1: Swinging Strike 1-2: SINGLE (Line Drive, 78M) José Estreito to second José Estreito to third
|
Batting: LHB Leonard Young
|
0-0: Ball 1-0: Swinging Strike 1-1: Ball Wild Pitch! José Estreito scores José Colón to second 2-1: Ball 3-1: Called Strike 3-2: Foul Ball, location: 2F 3-2: SINGLE (Groundball, 34D) José Colón to third Runner from 3rd tries for Home, SAFE, throw made home Leonard Young to second
|
Batting: RHB Doug O'Brien
|
0-0: Called Strike 0-1: DOUBLE (Flyball, 78XD) Leonard Young scores
|
Batting: RHB Gil Palmer
|
0-0: Ball 1-0: Foul Ball, location: 2F 1-1: Ground out 5-3 (Groundball, 56S) Doug O'Brien to third
|
Batting: RHB Jim Edgar
|
0-0: Called Strike 0-1: Ball 1-1: Ball 2-1: Ball 3-1: Foul Ball, location: 2F 3-2: Ground out 4-3 (Groundball, 4) Doug O'Brien scores
|
Batting: RHB Carlos Flores
|
0-0: Swinging Strike 0-1: Foul Ball, location: 2F 0-2: Ground out 6-3 (Groundball, 6)
|
Bottom of the 1st over - 4 run(s), 3 hit(s), 0 error(s), 0 left on base; Calgary 0 - District 9 4 |
TOP OF THE 2ND |
Calgary Cowboys batting - Pitching for District 9 Prawns : RHP Jorge Guillén
|
Batting: RHB Jorge Balencia
|
0-0: Swinging Strike 0-1: SINGLE (Line Drive, 7)
|
Batting: LHB Freddy Herrera
|
0-0: Called Strike 0-1: Ground out 3-1 (Groundball, 3) Jorge Balencia to second
|
Batting: RHB Travis Colbert
|
0-0: Foul Ball, location: 2F 0-1: Swinging Strike 0-2: Foul Ball, location: 2F 0-2: Foul Ball, location: 2F 0-2: Ball 1-2: Ball 2-2: Ball 3-2: Strikes out swinging
|
Batting: RHB Derek Carr
|
0-0: Called Strike 0-1: Ground out 6-3 (Groundball, 6)
|
Top of the 2nd over - 0 run(s), 1 hit(s), 0 error(s), 1 left on base; Calgary 0 - District 9 4 |
BOTTOM OF THE 2ND |
District 9 Prawns batting - Pitching for Calgary Cowboys : LHP Manuel Gil
|
Batting: LHB Ralph Schultz
|
0-0: Ball 1-0: Ball 2-0: Called Strike 2-1: Ball 3-1: SINGLE (Groundball, 3D)
|
Batting: RHB Phil Jacobs
|
0-0: Foul Ball, location: 2F 0-1: Swinging Strike 0-2: Foul Ball, location: 2F 0-2: Ball 1-2: Ball 2-2: Strikes out looking
|
Batting: SHB José Estreito
|
0-0: Foul Ball, location: 2F 0-1: DOUBLE (Flyball, 78XD) Ralph Schultz to third Runner from 3rd tries for Home, SAFE, throw made home
|
Batting: RHB José Colón
|
0-0: Ball 1-0: Foul Ball, location: 2F 1-1: Ball 2-1: Foul Ball, location: 2F 2-2: Ball 3-2: Base on Balls
|
Batting: LHB Leonard Young
|
0-0: Foul Ball, location: 2F 0-1: Ball 1-1: Ground out 4-3 (Groundball, 34D) José Estreito to third José Colón to second
|
Batting: RHB Doug O'Brien
|
0-0: Foul Ball, location: 2F 0-1: Ball 1-1: Ball 2-1: Ball 3-1: Base on Balls
|
Batting: RHB Gil Palmer
|
0-0: Called Strike 0-1: Ball 1-1: Called Strike 1-2: Fly out, F7 (Flyball, 7D)
|
Bottom of the 2nd over - 1 run(s), 2 hit(s), 0 error(s), 3 left on base; Calgary 0 - District 9 5 |
TOP OF THE 3RD |
Calgary Cowboys batting - Pitching for District 9 Prawns : RHP Jorge Guillén
|
Batting: RHB Shayne Burry
|
0-0: SINGLE (Groundball, 56D)
|
Batting: RHB Mario Sánchez
|
0-0: Ball 1-0: Swinging Strike 1-1: Called Strike 1-2: Strikes out looking
|
Batting: RHB César Rodríguez
|
0-0: Swinging Strike 0-1: Swinging Strike 0-2: Strikes out looking
|
Batting: LHB Del Kennedy
|
0-0: Ball 1-0: Fielders Choice at 2nd, 4-6 (Groundball, 4)
|
Top of the 3rd over - 0 run(s), 1 hit(s), 0 error(s), 0 left on base; Calgary 0 - District 9 5 |
BOTTOM OF THE 3RD |
District 9 Prawns batting - Pitching for Calgary Cowboys : LHP Manuel Gil
|
Batting: RHB Jim Edgar
|
0-0: Called Strike 0-1: Ground out 6-3 (Groundball, 6)
|
Batting: RHB Carlos Flores
|
0-0: Ball 1-0: Foul Ball, location: 2F 1-1: Ball 2-1: Ball 3-1: Ground out 6-3 (Groundball, 6M)
|
Batting: LHB Ralph Schultz
|
0-0: Ball 1-0: Ball 2-0: Foul Ball, location: 2F 2-1: Foul Ball, location: 2F 2-2: Ball 3-2: DOUBLE (Flyball, 9LM)
|
Batting: RHB Phil Jacobs
|
0-0: Swinging Strike 0-1: Ball 1-1: SINGLE (Line Drive, 8RS) Ralph Schultz to third Runner from 3rd tries for Home, SAFE, throw made home Phil Jacobs to second
|
Pitching: RHP William Bryant
|
|
Batting: SHB José Estreito
|
0-0: Called Strike 0-1: Foul Ball, location: 2F 0-2: Ground out 6-3 (Groundball, 6)
|
Bottom of the 3rd over - 1 run(s), 2 hit(s), 0 error(s), 1 left on base; Calgary 0 - District 9 6 |
TOP OF THE 4TH |
Calgary Cowboys batting - Pitching for District 9 Prawns : RHP Jorge Guillén
|
Batting: RHB Dan Wyatt
|
0-0: Ball 1-0: Ball 2-0: Called Strike 2-1: Ball 3-1: Base on Balls
|
Batting: RHB Jorge Balencia
|
0-0: Fielders Choice at 2nd, 6-4 (Groundball, 6)
|
Batting: LHB Freddy Herrera
|
0-0: Ball 1-0: Ball 2-0: Grounds into double play, 4-6-3 (Groundball, 4M)
|
Top of the 4th over - 0 run(s), 0 hit(s), 0 error(s), 0 left on base; Calgary 0 - District 9 6 |
BOTTOM OF THE 4TH |
District 9 Prawns batting - Pitching for Calgary Cowboys : RHP William Bryant
|
Batting: RHB José Colón
|
0-0: SINGLE (Line Drive, 8LM)
|
Batting: LHB Leonard Young
|
0-0: Fielders Choice at 2nd, 3-6 (Groundball, 34)
|
Batting: RHB Doug O'Brien
|
0-0: Called Strike 0-1: SINGLE (Line Drive, 9S) Leonard Young to second Runner from 2nd tries for 3rd, SAFE, throw made to third
|
Batting: RHB Gil Palmer
|
0-0: Ball 1-0: Ball 2-0: Ball 3-0: Base on Balls Doug O'Brien to second
|
Batting: RHB Jim Edgar
|
0-0: Ball 1-0: Foul Ball, location: 2F 1-1: Called Strike 1-2: Foul Ball, location: 2F 1-2: Ball 2-2: Fly out, F8 (Line Drive, 8RXD) Runner from 3rd tags up, SCORES, no throw
|
Batting: RHB Carlos Flores
|
0-0: Called Strike 0-1: Ball 1-1: Ball 2-1: Called Strike 2-2: Ball 3-2: Single, Error in OF, E8, batter to second base Doug O'Brien scores Gil Palmer to third
|
Batting: LHB Ralph Schultz
|
0-0: Foul Ball, location: 2F 0-1: Ball 1-1: Called Strike 1-2: Strikes out swinging
|
Bottom of the 4th over - 2 run(s), 3 hit(s), 1 error(s), 2 left on base; Calgary 0 - District 9 8 |
TOP OF THE 5TH |
Calgary Cowboys batting - Pitching for District 9 Prawns : RHP Jorge Guillén
|
Batting: RHB Travis Colbert
|
0-0: SINGLE (Line Drive, 6D)
|
Batting: RHB Derek Carr
|
0-0: SINGLE (Line Drive, 89S) Travis Colbert to second Runner from 2nd tries for 3rd, SAFE, throw made to third
|
Batting: RHB Shayne Burry
|
0-0: Called Strike 0-1: Ball 1-1: Swinging Strike 1-2: Ball 2-2: Foul Ball, location: 2F 2-2: Foul Ball, location: 2F 2-2: Ball 3-2: Base on Balls Derek Carr to second
|
Batting: RHB Mario Sánchez
|
0-0: Ball 1-0: Fly out, F4 (Line Drive, 4)
|
Batting: RHB César Rodríguez
|
0-0: Fly out, F4 (Flyball, 4D)
|
Batting: LHB Del Kennedy
|
0-0: Called Strike 0-1: Called Strike 0-2: Foul Ball, location: 2F 0-2: Foul Ball, location: 2F 0-2: Ball 1-2: Foul Ball, location: 2F 1-2: Ball 2-2: Foul Ball, location: 2F 2-2: Strikes out swinging wild pitch, reaches first! Travis Colbert scores Derek Carr to third Shayne Burry to second
|
Batting: RHB Dan Wyatt
|
0-0: Ball 1-0: SINGLE (Groundball, 56D) Derek Carr scores Shayne Burry to third Del Kennedy to second Runner from 3rd tries for Home, SAFE, throw made home Del Kennedy to third Dan Wyatt to second
|
Batting: RHB Jorge Balencia
|
0-0: DOUBLE (Line Drive, 8LD) Del Kennedy scores Dan Wyatt scores
|
Pitching: RHP Marcos Miranda
|
|
Batting: LHB Freddy Herrera
|
0-0: Ball 1-0: Ball 2-0: Called Strike 2-1: Fly out, F4 (Line Drive, 4D)
|
Top of the 5th over - 5 run(s), 4 hit(s), 0 error(s), 1 left on base; Calgary 5 - District 9 8 |
BOTTOM OF THE 5TH |
District 9 Prawns batting - Pitching for Calgary Cowboys : RHP William Bryant
|
Batting: RHB Phil Jacobs
|
0-0: Ground out 6-3 (Groundball, 6)
|
Batting: SHB José Estreito
|
0-0: Ball 1-0: Ball 2-0: Ball 3-0: Called Strike 3-1: Foul Ball, location: 2F 3-2: Ground out 4-3 (Groundball, 4)
|
Batting: RHB José Colón
|
0-0: Foul Ball, location: 2F 0-1: Foul Ball, location: 2F 0-2: Ball 1-2: Ground out 6-3 (Groundball, 6)
|
Bottom of the 5th over - 0 run(s), 0 hit(s), 0 error(s), 0 left on base; Calgary 5 - District 9 8 |
TOP OF THE 6TH |
Calgary Cowboys batting - Pitching for District 9 Prawns : RHP Marcos Miranda
|
Batting: RHB Travis Colbert
|
0-0: Called Strike 0-1: Called Strike 0-2: Ball 1-2: Strikes out swinging
|
Batting: RHB Derek Carr
|
0-0: Swinging Strike 0-1: Swinging Strike 0-2: Strikes out swinging
|
Batting: RHB Shayne Burry
|
0-0: Ball 1-0: Ball 2-0: Ball 3-0: Base on Balls
|
Batting: RHB Mario Sánchez
|
0-0: 2-RUN HOME RUN (Line Drive, 7D), Distance : 387 ft
|
Batting: RHB César Rodríguez
|
0-0: Called Strike 0-1: SOLO HOME RUN (Flyball, 7D), Distance : 379 ft
|
Pitching: RHP José Huerta
|
|
Batting: LHB Del Kennedy
|
0-0: Foul Ball, location: 2F 0-1: Ball 1-1: Ball 2-1: Called Strike 2-2: Ball 3-2: Strikes out swinging
|
Top of the 6th over - 3 run(s), 2 hit(s), 0 error(s), 0 left on base; Calgary 8 - District 9 8 |
BOTTOM OF THE 6TH |
District 9 Prawns batting - Pitching for Calgary Cowboys : RHP William Bryant
|
Pitching: RHP Bert Killick
|
|
Batting: LHB Leonard Young
|
0-0: Swinging Strike 0-1: Ball 1-1: Swinging Strike 1-2: SOLO HOME RUN (Flyball, 89XD), Distance : 420 ft
|
Batting: RHB Doug O'Brien
|
0-0: Ball 1-0: Foul Ball, location: 2F 1-1: Foul Ball, location: 2F 1-2: Ball 2-2: Ball 3-2: Base on Balls
|
Batting: RHB Gil Palmer
|
0-0: Ball 1-0: Called Strike 1-1: Swinging Strike 1-2: Ball 2-2: Ball 3-2: Base on Balls Doug O'Brien to second
|
Batting: RHB Jim Edgar
|
0-0: Swinging Strike 0-1: Ball 1-1: Foul Ball, location: 2F 1-2: Ball 2-2: Grounds into double play, 4-6-3 (Groundball, 4) Doug O'Brien to third
|
Batting: RHB Carlos Flores
|
0-0: Ball 1-0: Ball 2-0: Swinging Strike 2-1: Ball 3-1: Base on Balls
|
Batting: LHB Ralph Schultz
|
0-0: Ball 1-0: Foul Ball, location: 2F 1-1: Foul Ball, location: 2F 1-2: Ground out 3-1 (Groundball, 34S)
|
Bottom of the 6th over - 1 run(s), 1 hit(s), 0 error(s), 2 left on base; Calgary 8 - District 9 9 |
TOP OF THE 7TH |
Calgary Cowboys batting - Pitching for District 9 Prawns : RHP José Huerta
|
Batting: RHB Dan Wyatt
|
0-0: Ball 1-0: Fly out, F9 (Flyball, 89M)
|
Batting: RHB Jorge Balencia
|
0-0: Swinging Strike 0-1: Foul Ball, location: 2F 0-2: Foul Ball, location: 2F 0-2: Foul Ball, location: 2F 0-2: Foul Ball, location: 2F 0-2: SINGLE (Line Drive, 3)
|
Pitching: LHP Norberto Marerro
|
|
Pinch Hitting: RHB Tom Rowe
|
0-0: Called Strike 0-1: Ball 1-1: Ball 2-1: Foul Ball, location: 2F 2-2: Ball 3-2: Foul Ball, location: 2F 3-2: Base on Balls Jorge Balencia to second
|
Pitching: RHP Clayton Hawkins
|
|
Batting: RHB Travis Colbert
|
0-0: Called Strike 0-1: Ball 1-1: Swinging Strike 1-2: Foul Ball, location: 2F 1-2: Ball 2-2: Strikes out looking
|
Pinch Hitting: LHB Fred Abrams
|
0-0: Fly out, F9 (Flyball, 9LSF)
|
Top of the 7th over - 0 run(s), 1 hit(s), 0 error(s), 2 left on base; Calgary 8 - District 9 9 |
BOTTOM OF THE 7TH |
District 9 Prawns batting - Pitching for Calgary Cowboys : RHP Bert Killick
|
Now at SS: Tom Rowe
|
|
Now in LF: Fred Abrams
|
|
Batting: RHB Phil Jacobs
|
0-0: Called Strike 0-1: Ground out 6-3 (Groundball, 6MS)
|
Batting: SHB José Estreito
|
0-0: Called Strike 0-1: Foul Ball, location: 2F 0-2: SINGLE (Line Drive, 8LS)
|
Pinch Hitting: LHB Terry Simpson
|
0-0: Ball 1-0: Called Strike 1-1: Foul Ball, location: 2F 1-2: Foul Ball, location: 2F 1-2: Foul Ball, location: 2F 1-2: Ball 2-2: Foul Ball, location: 2F 2-2: Strikes out swinging
|
Batting: LHB Leonard Young
|
0-0: Ball José Estreito is caught stealing 2nd base
|
Bottom of the 7th over - 0 run(s), 1 hit(s), 0 error(s), 0 left on base; Calgary 8 - District 9 9 |
TOP OF THE 8TH |
Calgary Cowboys batting - Pitching for District 9 Prawns : RHP Clayton Hawkins
|
Pitching: RHP Fernando Mendoza
|
|
Now at 1B: Reynold Akker
|
|
Now at SS: Boyd Pittman
|
|
Batting: RHB Shayne Burry
|
0-0: Ball 1-0: Ball 2-0: Ball 3-0: Called Strike 3-1: Ground out 5-3 (Groundball, 56)
|
Batting: RHB Mario Sánchez
|
0-0: Ground out 6-3 (Groundball, 6)
|
Batting: RHB César Rodríguez
|
0-0: Ball 1-0: Ball 2-0: Foul Ball, location: 2F 2-1: Foul Ball, location: 2F 2-2: Foul Ball, location: 2F 2-2: Ground out 6-3 (Groundball, 6)
|
Top of the 8th over - 0 run(s), 0 hit(s), 0 error(s), 0 left on base; Calgary 8 - District 9 9 |
BOTTOM OF THE 8TH |
District 9 Prawns batting - Pitching for Calgary Cowboys : RHP Bert Killick
|
Batting: LHB Leonard Young
|
0-0: Called Strike 0-1: Ball 1-1: SINGLE (Groundball, 34D)
|
Batting: RHB Doug O'Brien
|
0-0: Ball Leonard Young is caught stealing 2nd base 1-0: Called Strike 1-1: Ball 2-1: Foul Ball, location: 2F 2-2: Foul Ball, location: 2F 2-2: Foul Ball, location: 2F 2-2: Foul Ball, location: 2F 2-2: Foul Ball, location: 2F 2-2: Strikes out swinging
|
Batting: RHB Gil Palmer
|
0-0: Called Strike 0-1: Ball 1-1: Called Strike 1-2: Ball 2-2: Ball 3-2: Strikes out swinging
|
Bottom of the 8th over - 0 run(s), 1 hit(s), 0 error(s), 0 left on base; Calgary 8 - District 9 9 |
TOP OF THE 9TH |
Calgary Cowboys batting - Pitching for District 9 Prawns : RHP Fernando Mendoza
|
Pitching: LHP Pedro Valdés
|
|
Pinch Hitting: RHB Paul Swift
|
0-0: Ball 1-0: Ground out 4-3 (Groundball, 34)
|
Batting: RHB Dan Wyatt
|
0-0: Foul Ball, location: 2F 0-1: Ball 1-1: Ball 2-1: Foul Ball, location: 2F 2-2: SINGLE (Line Drive, 89M)
|
Pinch Runner at 1st Ryan Cates:
|
|
Batting: RHB Jorge Balencia
|
0-0: Fielders Choice at 2nd, 6-4 (Groundball, 6)
|
Batting: RHB Tom Rowe
|
0-0: Ball 1-0: Foul Ball, location: 2F 1-1: Foul Ball, location: 2F 1-2: Ball 2-2: SINGLE (Line Drive, 89M) Jorge Balencia to second
|
Batting: RHB Travis Colbert
|
0-0: Ball 1-0: Ball 2-0: SINGLE (Groundball, 4MD) Jorge Balencia to third Tom Rowe to second Runner from 3rd tries for Home, SAFE, no throw
|
Pinch Hitting: SHB Juan Acevado
|
0-0: 3-RUN HOME RUN (Flyball, 9D), Distance : 397 ft
|
Batting: RHB Shayne Burry
|
0-0: Swinging Strike 0-1: Called Strike 0-2: Ball 1-2: Foul Ball, location: 2F 1-2: SINGLE (Groundball, 6MD)
|
Pitching: RHP Mike Stabler
|
|
Batting: RHB Mario Sánchez
|
0-0: Called Strike 0-1: Ball 1-1: Swinging Strike 1-2: Ball 2-2: Strikes out swinging
|
Top of the 9th over - 4 run(s), 5 hit(s), 0 error(s), 1 left on base; Calgary 12 - District 9 9 |
BOTTOM OF THE 9TH |
District 9 Prawns batting - Pitching for Calgary Cowboys : RHP Bert Killick
|
Pitching: LHP Alfredo Durán
|
|
Now at 2B: Ryan Cates
|
|
Now at 3B: Juan Acevado
|
|
Now in RF: Miguel Pérez
|
|
Batting: RHB Jim Edgar
|
0-0: Foul Ball, location: 2F 0-1: Ball 1-1: Ball 2-1: Ball 3-1: Swinging Strike 3-2: Ground out 5-3 (Groundball, 56)
|
Batting: RHB Carlos Flores
|
0-0: Ball 1-0: SOLO HOME RUN (Flyball, 7D), Distance : 400 ft
|
Batting: LHB Ralph Schultz
|
0-0: Ball 1-0: Foul Ball, location: 2F 1-1: Ball 2-1: Ground out U3 (Groundball, 34S)
|
Batting: RHB Boyd Pittman
|
0-0: Ball 1-0: Foul Ball, location: 2F 1-1: Swinging Strike 1-2: Ball 2-2: Strikes out looking
|
Bottom of the 9th over - 1 run(s), 1 hit(s), 0 error(s), 0 left on base; Calgary 12 - District 9 10 |
|